[Event "Titled Tuesday Blitz December 13 Late 2022"]
[White "Vedder, Richard"]
[Black "Radovanovic, Dusan"]
[WhiteFideId "1004166"]
[BlackFideId "926868"]
[WhiteElo "2168"]
[BlackElo "2337"]
[Result "0-1"]
[Round "11"]
[TimeControl "180+1"]
[Date "2022.12.14"]
[WhiteClock "0:00:14"]
[BlackClock "0:00:14"]

1. d4 Nf6 2. c4 g6 3. Nc3 Bg7 4. e4 d6 5. Nf3 O-O 6. Be2 e5 7. O-O Nc6 8. d5 Ne7 9. Ne1 Nd7 10. Nd3 f5 11. f3 f4 12. a4 g5 13. a5 Nf6 14. c5 Ng6 15. c6 h5 16. cxb7 Bxb7 17. Nf2 Rf7 18. Bd2 Bc8 19. Rc1 Bf8 20. Kh1 Rg7 21. Rg1 g4 22. fxg4 hxg4 23. Nxg4 Nh4 24. Nh6+ Kh7 25. Be1 Nxg2 26. Rxg2 Rxg2 27. Kxg2 Bxh6 28. Bh4 f3+ 29. Bxf3 Bxc1 30. Qxc1 Qg8+ 31. Kh1 Qg6 32. Nb5 Bd7 33. Nc3 Rg8 34. Qf1 Nh5 35. Bf2 Nf4 36. Be3 Bh3 37. Qf2 a6 38. Qh4+ Qh6 39. Qf2 Qg5 40. Ne2 Nd3 41. Bxg5 Nxf2+ 42. Kg1 Rxg5+ 43. Kxf2 Rg8 44. Ng3 Rb8 45. Ke3 Rb3+ 46. Kf2 Rxb2+ 47. Ke3 Rxh2 48. Nh5 Kg6 49. Ng3 Bc8 50. Ne2 Kg5 51. Nc3 Rb2 52. Be2 Rb3 53. Kd2 Kf4 54. Kc2 Ra3 55. Bc4 Rxa5 56. Kb3 Rc5 57. Bd3 Bd7 58. Bxa6 Ke3 59. Bb7 Kd4 60. Ne2+ Kxe4 61. Nc3+ Kd3 62. Nd1 Kd2 63. Nb2 e4 64. Nc4+ Rxc4 65. Kxc4 e3 0-1


[Site "https://www.chess.com"]

[Event "Titled Tuesday Blitz December 13 Late 2022"]
[White "Vlassov, Nikolai"]
[Black "Banzea, Alexandru-Bogdan"]
[WhiteFideId "4103360"]
[BlackFideId "1232622"]
[WhiteElo "2324"]
[BlackElo "2294"]
[Result "1-0"]
[Round "11"]
[TimeControl "180+1"]
[Date "2022.12.14"]
[WhiteClock "0:02:22"]
[BlackClock "0:01:39"]

1. g4 h5 2. g5 g6 3. d4 Bg7 4. Bg2 c5 5. dxc5 Qa5+ 6. c3 Qxc5 7. Nf3 d6 8. Be3 Qc7 9. Bd4 e5 10. Be3 h4 11. h3 Nc6 12. Na3 a6 13. Nc4 Be6 14. Qxd6 Rc8 15. Bb6 Qe7 16. Qxe7+ Kxe7 17. Bc5+ 1-0


[Site "https://www.chess.com"]

[Event "Titled Tuesday Blitz December 13 Late 2022"]
[White "Yoo, Christopher Woojin"]
[Black "Xiong, Jeffery"]
[WhiteFideId "30909694"]
[BlackFideId "2047640"]
[WhiteElo "2463"]
[BlackElo "2726"]
[Result "1-0"]
[Round "11"]
[TimeControl "180+1"]
[Date "2022.12.13"]
[WhiteClock "0:00:27"]
[BlackClock "0:00:12"]

1. Nf3 c5 2. b3 Nf6 3. Bb2 g6 4. c4 Bg7 5. g3 b6 6. Bg2 Bb7 7. O-O O-O 8. Nc3 d5 9. Ne5 e6 10. e3 Nfd7 11. Nxd7 Nxd7 12. d4 cxd4 13. exd4 Nf6 14. Ba3 Re8 15. Nb5 Qd7 16. Nd6 Red8 17. Rc1 Bf8 18. Nxb7 Qxb7 19. Bb2 a5 20. a4 Rac8 21. Qd3 Qd7 22. c5 Rc6 23. Qb5 Rb8 24. b4 axb4 25. a5 bxc5 26. Qxb8 c4 27. Qb5 Qc8 28. Ba1 Ne8 29. Qa4 Ra6 30. Rfe1 Nc7 31. h4 Qa8 32. Qd7 Ne8 33. Bxd5 Qxd5 34. Qxe8 c3 35. Bxc3 bxc3 36. Rxc3 Qxa5 37. Rec1 Ra8 38. Rc8 Rxc8 39. Rxc8 Qe1+ 40. Kg2 1-0


[Site "https://www.chess.com"]

[Event "Titled Tuesday Blitz December 13 Late 2022"]
[White "Yuan, Qingyu"]
[Black "Van Dael, Siem"]
[WhiteFideId "8609772"]
[BlackFideId "1049771"]
[WhiteElo "2359"]
[BlackElo "2336"]
[Result "1-0"]
[Round "11"]
[TimeControl "180+1"]
[Date "2022.12.13"]
[WhiteClock "0:00:35"]
[BlackClock "0:00:10"]

1. e4 d5 2. exd5 Nf6 3. d4 Bg4 4. Be2 Bxe2 5. Qxe2 Qxd5 6. Nf3 e6 7. Nc3 Qh5 8. h3 Nc6 9. Be3 O-O-O 10. O-O-O Bb4 11. Qc4 Qa5 12. Ne2 Nd5 13. Kb1 Nb6 14. Qb3 Qb5 15. Nc3 Qa6 16. Ne4 Qb5 17. a3 a5 18. axb4 axb4 19. Nc5 Nc4 20. Qa4 Qb6 21. Qa8+ Nb8 22. Ne5 Nxe3 23. fxe3 Rhf8 24. b3 f6 25. Nc4 Qb5 26. Kb2 e5 27. Ne6 exd4 28. exd4 Rd6 29. Nxd6+ cxd6 30. Nxf8 Qc6 31. Rd3 Kc7 32. d5 Qc5 33. Ne6+ Kb6 34. Nxc5 dxc5 35. Qxb8 f5 36. Qd6+ Kb5 37. Qd7+ Kb6 38. Re3 c4 39. Re6+ Kc5 40. Ra1 c3+ 41. Kb1 b5 42. Qd6+ Kd4 43. Qe5+ Kc5 44. d6+ Kc6 45. d7+ Kb7 46. Qd6 f4 47. d8=Q f3 48. Q8c7# 1-0